 Dungeon Crawl Stone Soup version 0.16.2-12-gd0ad4c3 (webtiles) character file.

856 faibistes the Thaumaturge (level 7, 0/39 HPs)
             Began as a Deep Elf Wizard on Jan 5, 2018.
             Slain by Menkaure (18 damage)
             ... on level 7 of the Dungeon.
             The game lasted 00:19:53 (6425 turns).

faibistes the Thaumaturge (Deep Elf Wizard)         Turns: 6425, Time: 00:19:53

Health: 0/39       AC:  5    Str:  4    XL:     7   Next: 70%
Magic:  5/26       EV: 14    Int: 25    God:
Gold:   282        SH:  0    Dex: 13    Spells: 6 memorised, 9 levels left

rFire  . . .     SeeInvis +     s - +0 dagger
rCold  . . .     Clarity  .     a - +0 robe
rNeg   . . .     SustAb   .     (no shield)
rPois  .         Gourm    +     z - +0 helmet (curse)
rElec  .         Spirit   .     (no cloak)
rCorr  .         Warding  .     (no gloves)
rMut   .         Stasis   .     y - +1 pair of boots
MR     +....                    f - amulet of the gourmand
Stlth  ++........               x - ring of see invisible
                                p - ring of protection from magic

@: repel missiles, somewhat resistant to hostile enchantments, unstealthy
A: no striking features
a: no special abilities


You were on level 7 of the Dungeon.
You were very full.

You visited 1 branch of the dungeon, and saw 7 of its levels.

You collected 282 gold pieces.

Inventory:

Hand weapons
 s - a +0 dagger (weapon)
Armour
 a - a +0 robe (worn)
 b - a +0 hat
 y - a +1 pair of boots (worn)
 z - a cursed +0 helmet (worn)
Jewellery
 f - an amulet of the gourmand (around neck)
 k - an uncursed amulet of resist corrosion
 p - a ring of protection from magic (left hand)
 r - an uncursed amulet of rage
 x - a ring of see invisible (right hand)
 A - an uncursed ring of protection from fire
 H - an uncursed ring of wizardry
Magical devices
 l - a wand of cold (1)
Scrolls
 e - a scroll of magic mapping {unknown}
 g - 2 scrolls of teleportation
 h - 2 scrolls of noise {unknown}
 i - 5 scrolls of remove curse
 j - a scroll of random uselessness {unknown}
 n - a scroll of amnesia {unknown}
 o - a scroll of recharging {unknown}
 q - a scroll of blinking {unknown}
 B - a scroll of immolation {unknown}
 D - a scroll of fear {unknown}
 G - a scroll of identify
Potions
 m - a potion of haste
 t - a potion of restore abilities
 u - a potion of heal wounds
 v - 2 potions of agility
 w - a potion of degeneration {unknown}
Books
 c - a book of Minor Magic

   Spells                             Type                      Level
   a - Magic Dart                     Conjuration                  1
   b - Blink                          Translocation                2
   c - Call Imp                       Summoning                    2
   d - Repel Missiles                 Charms/Air                   2
   e - Slow                           Hexes                        2
   f - Conjure Flame                  Conjuration/Fire             3
   g - Mephitic Cloud                 Conjuration/Poison/Air       3
Comestibles
 d - 5 bread rations
 C - a chunk of flesh
 E - a beef jerky
 F - a meat ration


   Skills:
 * Level 1.7 Fighting
 + Level 5.3 Dodging
 - Level 2.4 Stealth
 * Level 8.4 Spellcasting
 - Level 4.1 Conjurations
 - Level 1.1 Summonings
 - Level 3.0 Translocations
 + Level 1.4 Evocations


You had 9 spell levels left.
You knew the following spells:

 Your Spells              Type           Power        Failure   Level  Hunger
a - Magic Dart            Conj           ####         1%          1    None
b - Conjure Flame         Conj/Fire      ###.....     10%         3    None
c - Call Imp              Summ           ###.....     8%          2    None
d - Blink                 Tloc           N/A          2%          2    None
e - Mephitic Cloud        Conj/Pois/Air  ###.....     12%         3    None
f - Repel Missiles        Chrm/Air       ##....       10%         2    None


Dungeon Overview and Level Annotations

Branches:
Dungeon (7/15)
 Temple: D:4-7

Altars:
Cheibriados

Annotations:
D:7 Menkaure


Message History

Casting: Magic Dart
Confirm with . or Enter, or press ? or * to list all spells.
Aiming: Magic Dart
Press: ? - help, Shift-Dir - straight line, f/p - Blork the orc
Aim: Blork the orc, wielding a battleaxe and wearing a robe (almost dead, bewildered and confused)
The magic dart hits Blork the orc.
Blork the orc is almost dead.
Casting: Magic Dart
Confirm with . or Enter, or press ? or * to list all spells.
Aiming: Magic Dart
Press: ? - help, Shift-Dir - straight line, f/p - Blork the orc
Aim: Blork the orc, wielding a battleaxe and wearing a robe (almost dead, bewildered and confused)
The magic dart hits Blork the orc.
You kill Blork the orc!
Your magical contamination has completely faded away.
Menkaure hits you!!
Ouch! That really hurt!
There is a stone staircase leading up, spattered with blood here.
Menkaure hits you!!
You die...

#. #..# # #..# . .
##..# #.# ..####...##
#..# ...........###...#
......(.....$....##.
....................
..........[...)....(..
........@M...รท........
....................##
........############
......### .....# ....
.. .


You could see Menkaure.

Vanquished Creatures
  A hungry ghost (D:7)
  3 centaurs
  An ogre (D:4)
  Sigmund (D:4)
  Blork the orc (D:7)
  A crimson imp (D:6)
  2 worker ants (D:4)
  An orc priest (D:4)
  An orc wizard (D:4)
  Ijyb (D:3)
  4 adders
  2 worms
  2 giant mites
  2 oozes
  4 orcs
  2 ball pythons
  13 bats
  A bat skeleton (D:4)
  11 hobgoblins
  7 jackals
  A quokka (D:4)
  4 giant cockroaches
  2 giant geckos
  3 giant newts
  A giant spore (D:6)
  13 goblins
  6 kobolds
  16 rats
  A ballistomycete (D:6)
108 creatures vanquished.

Vanquished Creatures (collateral kills)
  A hound skeleton (D:4)
  A bat (D:4)
  A hobgoblin (D:4)
  2 jackals (D:2)
5 creatures vanquished.

Vanquished Creatures (others)
  A shadow imp (D:4)
  A white imp (D:4)
  A giant newt (D:2)
3 creatures vanquished.

Grand Total: 116 creatures vanquished

Notes
Turn   | Place    | Note
--------------------------------------------------------------
     0 | D:1      | faibistes, the Deep Elf Wizard, began the quest for the Orb.
     0 | D:1      | Reached XP level 1. HP: 10/10 MP: 6/6
   671 | D:1      | Reached XP level 2. HP: 10/15 MP: 5/10
   675 | D:1      | Learned a level 2 spell: Blink
   678 | D:1      | Learned a level 2 spell: Call Imp
  1758 | D:2      | Reached skill level 5 in Spellcasting
  1758 | D:2      | Reached XP level 3. HP: 19/19 MP: 8/14
  1827 | D:2      | Learned a level 3 spell: Conjure Flame
  1831 | D:2      | Learned a level 3 spell: Mephitic Cloud
  2568 | D:2      | Noticed Ijyb
  2798 | D:3      | Killed Ijyb
  2798 | D:3      | Reached XP level 4. HP: 21/24 MP: 2/17
  2802 | D:3      | Learned a level 2 spell: Repel Missiles
  3494 | D:3      | Found a snail-covered altar of Cheibriados.
  3924 | D:5      | Entered Level 5 of the Dungeon
  3927 | D:5      | Noticed a centaur
  4119 | D:5      | Killed a centaur
  4119 | D:5      | Reached skill level 6 in Spellcasting
  4119 | D:5      | Reached XP level 5. HP: 26/28 MP: 5/20
  4677 | D:4      | Noticed an ogre
  4708 | D:4      | Killed an ogre
  4708 | D:4      | Reached XP level 6. HP: 32/32 MP: 9/22
  5145 | D:4      | Noticed Sigmund
  5196 | D:4      | Killed Sigmund
  5196 | D:4      | Reached skill level 7 in Spellcasting
  5871 | D:4      | Noticed a centaur
  5900 | D:4      | Killed a centaur
  5900 | D:4      | Reached XP level 7. HP: 24/36 MP: 19/25
  6116 | D:5      | Noticed a centaur
  6126 | D:5      | Killed a centaur
  6126 | D:5      | Reached skill level 5 in Dodging
  6282 | D:6      | Reached skill level 1 in Fighting
  6309 | D:7      | Reached skill level 8 in Spellcasting
  6309 | D:7      | Reached skill level 1 in Evocations
  6393 | D:7      | Noticed Blork the orc
  6414 | D:7      | Noticed Menkaure
  6419 | D:7      | Killed Blork the orc
  6425 | D:7      | Slain by Menkaure

Action                   |  1- 3 |  4- 6 |  7- 9 || total
-------------------------+-------+-------+-------++-------
Melee: Dagger            |       |    16 |    12 ||    28
 Cast: Magic Dart        |   121 |   107 |    39 ||   267
       Mephitic Cloud    |     5 |    11 |     3 ||    19
       Conjure Flame     |     2 |     7 |     1 ||    10
       Call Imp          |     1 |     6 |       ||     7
       Blink             |     1 |     1 |     3 ||     5
       Repel Missiles    |       |     1 |     1 ||     2
Evoke: Wand              |       |     1 |       ||     1
  Use: Scroll            |       |     5 |       ||     5
 Stab: Confused          |       |     1 |       ||     1
  Eat: Chunk             |    16 |    10 |     1 ||    27
